 Dungeon Crawl Stone Soup version 0.29.1-13-g9f3cf754e1 (webtiles) character file.

Game seed: 8129124907878579826

1064 bnorton916 the Magician (level 8, 0/41 HPs)
             Began as a Deep Elf Fire Elementalist on Feb 10, 2023.
             Was an Initiate of Gozag.
             Slain by Pikel
             ... wielding a +1 whip of freezing
              (8 damage)
             ... on level 5 of the Dungeon.
             The game lasted 00:10:31 (8393 turns).

bnorton916 the Magician (DEFE)                      Turns: 8393, Time: 00:10:31

Health: 0/41       AC:  4    Str:  5    XL:     8   Next: 6%
Magic:  8/21       EV: 12    Int: 23    God:    Gozag
Gold:   730        SH:  0    Dex: 15    Spells: 10/22 levels left

rFire   . . .      SeeInvis .   l - +0 whip (elec)
rCold   . . .      Faith    .   (no shield)
rNeg    . . .      Spirit   .   a - +0 robe
rPois   .          Reflect  .   (no helmet)
rElec   .          Harm     .   (no cloak)
rCorr   .          Rampage  .   p - +0 pair of gloves
Will    .....                   w - +0 pair of boots
Stlth   ++........              (no amulet)
HPRegen 0.13/turn               (no ring)
MPRegen 0.17/turn               (no ring)

@: no status effects
A: no striking features
a: Renounce Religion, Potion Petition, Call Merchant, Bribe Branch


You were on level 5 of the Dungeon.
You worshipped Gozag.
Gozag was pleased with you.
You visited 1 branch of the dungeon, and saw 5 of its levels.
You also visited: Sewer.

You collected 824 gold pieces.
You spent 42 gold pieces at shops.
You paid 52 gold pieces to Gozag.

Inventory:

Hand Weapons
 l - a +0 whip of electrocution (weapon)
 o - a +2 dagger of flaming
 y - a +2 mace of protection
Missiles
 n - 59 stones
 v - 2 silver boomerangs
 D - 6 silver javelins
Armour
 a - a +0 robe (worn)
 p - a +0 pair of gloves (worn)
 r - a +0 ring mail of cold resistance
 w - a +0 pair of boots (worn)
Magical Staves
 z - a staff of air
Scrolls
 d - 3 scrolls of immolation
 f - a scroll of vulnerability
 m - 2 scrolls of acquirement {unknown}
 u - 2 scrolls of silence
 x - a scroll of enchant weapon
 A - a scroll of teleportation
 C - a scroll of identify
Potions
 b - 4 potions of magic
 c - 2 potions of mutation
 e - a potion of haste {unknown}
 g - a potion of cancellation {unknown}
 h - 2 potions of heal wounds {unknown}
 i - 3 potions of flight
 j - a potion of invisibility {unknown}
 k - a potion of berserk rage {unknown}
 q - 4 potions of curing {unknown}
 t - 2 potions of attraction {unknown}
 B - a potion of resistance


   Skills:
 - Level 2.4 Dodging
 - Level 2.4 Stealth
 + Level 7.6 Spellcasting
 + Level 5.7 Conjurations
 - Level 6.2 Fire Magic
 + Level 1.8 Air Magic
 + Level 2.0 Poison Magic


You had 10 spell levels left.
You knew the following spells:

 Your Spells              Type           Power      Damage    Failure   Level
a - Foxfire               Conj/Fire      100%       2x1d9     1%          1
b - Scorch                Fire           74%        2d8       1%          2
c - Conjure Flame         Conj/Fire      36%        6-21      1%          3
d - Mephitic Cloud        Conj/Pois/Air  23%        N/A       6%          3
e - Ignite Poison         Fire/Tmut/Pois 21%        N/A       7%          3

Your spell library contained the following spells:

 Spells                   Type           Power      Damage    Failure   Level
 Inner Flame              Hex/Fire       23%        N/A       6%          3
 Flame Wave               Conj/Fire      36%        2d10      6%          4
 Irradiate                Conj/Tmut      10%        3d15      52%         5
 Freezing Cloud           Conj/Ice/Air   10%        6-21      58%         5
 Blade Hands              Tmut           4%         N/A       90%         5
 Dragon Form              Tmut           4%         N/A       100%        7


Dungeon Overview and Level Annotations

Branches:
Dungeon (5/15)              Sewer (visited)
 Temple: D:4-7

Altars:
Ashenzari
Elyvilon
Fedhas
Gozag
Okawaru
Xom

Shops:
D:1 *   D:5 *

Annotations:
D:5 Pikel


Message History

Unknown command.
You closely miss Pikel.
Pikel is almost dead.
Pikel misses you. The lemure hits you!
* * * LOW HITPOINT WARNING * * *
Unknown command.
Blink to where?
Press: ? - help, Dir - move target
As you read the scroll of blinking, it crumbles to dust.
The lemure is no longer more vulnerable to fire.
Casting: Scorch (safe; 1% risk of failure)
Confirm with . or Enter, or press ? or * to list all spells.
You conjure some foxfire!
Pikel is no longer more vulnerable to fire.
The foxfire hits Pikel.
Pikel is almost dead.
Casting: Foxfire (safe; 1% risk of failure)
Confirm with . or Enter, or press ? or * to list all spells.
You conjure some foxfire!
The foxfire hits Pikel but does no damage.
Pikel is almost dead.
The foxfire hits Pikel.
Pikel is almost dead.
The foxfire hits Pikel but does no damage.
Pikel is almost dead.
Casting: Foxfire (safe; 1% risk of failure)
Confirm with . or Enter, or press ? or * to list all spells.
You conjure some foxfire!
The foxfire hits Pikel but does no damage.
Pikel is almost dead.
The foxfire hits Pikel but does no damage.
Pikel is almost dead.
Casting: Foxfire (safe; 1% risk of failure)
Confirm with . or Enter, or press ? or * to list all spells.
Flames lash the lemure.
The lemure is moderately wounded.
The lemure's fire resistance burns away.
Pikel hits you with a +1 whip of freezing!
You die...
Your body crumbles into a pile of gold.

##.....##..## ..... ##
....######..# ..... 5
..### #..# ##... .##
#..## #..# . .# ##..#
##..## ..# .# #..##
##....##♣#...# .# #...#
##.....♣.∩.♣ .#
##..####5......5♣ .##
###.....@K5.####......#
..# ###.........###
####...# . ..##
##..........## #..#.
...###....###....## ...
.#.......#####....# ...
####....>.........##
#.########...##.## #.#
##.####.# .## #.# ###


You could see Pikel and 2 lemures.

Vanquished Creatures
  A troll (D:5)
  An ogre (D:5)
  A centaur (D:5)
  2 lemures
  4 jellies (Sewer)
  3 hounds
  An orc priest (D:5)
  3 iguanas
  3 orc wizards
  6 adders
  7 gnolls
  3 river rats
  4 worms
  A dart slug (D:4)
  16 orcs
  8 bats
  14 endoplasms
  6 giant cockroaches
  13 goblins
  6 hobgoblins
  4 jackals
  7 kobolds
  3 quokkas
  11 ball pythons
  7 frilled lizards
  5 rats
  2 butterflies (D:3)
142 creatures vanquished.

Vanquished Creatures (others)
  427 foxfires
427 creatures vanquished.

Grand Total: 569 creatures vanquished

Notes
Turn   | Place    | Note
-------+----------+-------------------------------------------
     0 | D:1      | bnorton916 the Deep Elf Fire Elementalist began the quest
                  | for the Orb.
     0 | D:1      | Reached XP level 1. HP: 10/10 MP: 6/6
   248 | D:1      | Found Zuaxom's General Store.
   311 | D:1      | Reached XP level 2. HP: 15/15 MP: 5/8
   837 | D:1      | Found a faded altar of an unknown god.
  1271 | D:1      | Reached XP level 3. HP: 17/19 MP: 7/10
  1307 | D:1      | Learned a level 2 spell: Scorch
  1896 | D:2      | Reached skill level 4 in Spellcasting
  2430 | D:3      | Reached XP level 4. HP: 24/24 MP: 8/12
  2507 | D:3      | Found a blossoming altar of Fedhas.
  2785 | D:3      | Found an opulent altar of Gozag.
  2789 | D:3      | Became a worshipper of Gozag Ym Sagoz the Greedy
  3140 | D:3      | Found a shimmering altar of Xom.
  3518 | D:1      | Bought a scroll of identify for 28 gold pieces
  3518 | D:1      | Bought a potion of degeneration for 14 gold pieces
  3715 | D:4      | Reached XP level 5. HP: 28/28 MP: 4/14
  3771 | D:4      | Found a large runed translucent door.
  3772 | D:4      | Found a large runed translucent door.
  3834 | D:4      | Reached skill level 5 in Spellcasting
  3858 | D:4      | Found a glowing drain.
  3959 | Sewer    | Entered a sewer
  4443 | Sewer    | Reached skill level 5 in Fire Magic
  4502 | Sewer    | Reached XP level 6. HP: 32/32 MP: 11/16
  4803 | Sewer    | Found a viscous altar of Jiyva.
  5539 | D:4      | Reached skill level 6 in Spellcasting
  5780 | D:4      | Found an iron altar of Okawaru.
  6312 | D:4      | Found a white marble altar of Elyvilon.
  6319 | D:4      | Found a broken altar of Ashenzari.
  6360 | D:5      | Entered Level 5 of the Dungeon
  6360 | D:5      | Noticed Pikel
  6702 | D:5      | Noticed a troll
  6714 | D:5      | Killed a troll
  6715 | D:5      | Reached XP level 7. HP: 12/36 MP: 12/19
  7028 | D:5      | Reached skill level 5 in Conjurations
  7043 | D:5      | Reached skill level 7 in Spellcasting
  7295 | D:5      | Learned a level 3 spell: Conjure Flame
  7458 | D:5      | Learned a level 3 spell: Mephitic Cloud
  7462 | D:5      | Learned a level 3 spell: Ignite Poison
  7681 | D:5      | Reached skill level 1 in Poison Magic
  7687 | D:5      | Reached skill level 1 in Air Magic
  7979 | D:5      | Reached XP level 8. HP: 34/41 MP: 16/21
  8303 | D:5      | Found Asoffan's General Store.
  8393 | D:5      | Slain by Pikel

Illustrated notes

Levels and vault maps discovered:
D:1:      amcnicky_arrival_abandoned_market, layout_loops_ring,
          basic_ecumenical_altar, serial_shops, shop, minmay_pentomino_u4
D:2:      layout_loops_ring
D:3:      layout_loops_corners, mainiacjoe_overflow_24_doors, xom_butterflies,
          nicolae_overflow_crystal_walls
D:4:      layout_basic, okawaru_altar_gauntlet_db, jmf_multi_god_temple2,
          cheibrodos_sewer_entry_sluice
D:5:      layout_layer_cave, zin_scriptorium, minmay_temple_entry_fiery,
          serial_shops, nicolae_shop_trees, uniq_pikel

Skill      XL: |  1  2  3  4  5  6  7  8 |
---------------+-------------------------+-----
Conjurations   | 2 3 4 5 |  5.7
Spellcasting   | 4 5 6 7 |  7.6
Fire Magic     | 4 5 6 |  6.2
Poison Magic   | 1 2 |  2.0
Air Magic      | 1 |  1.8
Dodging        | |  2.4
Stealth        | |  2.4

Action                   |  1- 3 |  4- 6 |  7- 9 || total
-------------------------+-------+-------+-------++-------
Melee: Whip              |     1 |       |     1 ||     2
 Cast: Foxfire           |    93 |   118 |    43 ||   254
       Scorch            |     2 |    21 |    13 ||    36
  Use: Scroll            |       |    10 |     1 ||    11
Armor: Robe              |     4 |     8 |     3 ||    15
Dodge: Dodged            |    10 |    27 |     8 ||    45
